AoeStats
← Cubanito945806

Arabia

510436524Analyzed
1v1 RM · 2d ago on Oct 1, 2026· 25m 40s· 2 players
Game mode
Random Map
Map size
Tiny (2 player)
Population
200
Speed
Normal
Resources
Standard
Victory
Conquest
Starting age
Dark Age
Ending age
Imperial Age
RankedLock teamsTeams togetherTeam positionsShared explorationLock speedFull tech treeHidden civsTurbo modeCheats
Victory
Defeat
🇺🇸 Mongols · United States
1094
+14
🇦🇷 Turks · Argentina
1059
-14
Racing corazon
6:48 Loom
9:56 Feudal Age
19:29 Castle Age
23:54 Imperial Age
21:47 Gold Mining
24:47 Double-Bit Axe
Cubanito945806
10:37 Feudal Age
17:41 Castle Age
16:05 Double-Bit Axe
16:54 Fletching
17:18 Bloodlines
17:52 Scale Barding Armor
20:02 Thumb Ring
21:50 Bodkin Arrow
25:23 Town Watch
Connection lost

Rejoining the realm…

Still unreachable

The connection could not be restored.

Session expired

The server has moved on; the page needs a fresh start.